 Dungeon Crawl Stone Soup version 0.29.1-1-gd02db6906a (webtiles) character file.

Game seed: 4488789982983628445

75 Jwatts the Trooper (level 4, -3/41 HPs)
             Began as a Minotaur Fighter on Oct 5, 2022.
             Slain by a gnoll
             ... wielding a +0 halberd
              (8 damage)
             ... on level 2 of the Dungeon.
             The game lasted 00:12:08 (1795 turns).

Jwatts the Trooper (Minotaur Fighter)               Turns: 1795, Time: 00:12:08

Health: -3/41      AC: 10    Str: 22    XL:     4   Next: 11%
Magic:  3/3        EV:  7    Int:  5    God:
Gold:   908        SH:  5    Dex: 16    Spells: 3/3 levels left

rFire   . . .      SeeInvis .   a - +0 flail
rCold   . . .      Faith    .   c - +0 buckler
rNeg    . . .      Spirit   .   h - +0 chain mail
rPois   .          Reflect  .   (helmet restricted)
rElec   .          Harm     .   (no cloak)
rCorr   .          Rampage  .   (no gloves)
Will    .....                   f - +0 pair of boots
Stlth   ..........              (no amulet)
HPRegen 0.13/turn               j - +6 ring of dexterity
MPRegen 0.08/turn               (no ring)

@: no status effects
A: horns 2, retaliatory headbutt
a: no special abilities


You were on level 2 of the Dungeon.
You visited 1 branch of the dungeon, and saw 2 of its levels.

You collected 908 gold pieces.

Inventory:

Hand Weapons
 a - a +0 flail (weapon)
Armour
 c - a +0 buckler (worn)
 f - a +0 pair of boots (worn)
 h - a +0 chain mail (worn)
Jewellery
 j - a +6 ring of dexterity (left hand)
Scrolls
 b - a scroll of identify {unknown}
 e - a scroll of fear {unknown}
 g - 2 scrolls of amnesia {unknown}
Potions
 d - a potion of might


   Skills:
 + Level 4.5 Fighting
 + Level 3.2 Maces & Flails
 + Level 3.9 Armour
 + Level 0.2 Dodging
 + Level 1.3 Stealth
 + Level 4.0 Shields


You had 3 spell levels left.
You didn't know any spells.
Your spell library contained the following spells:

 Spells                   Type           Power      Damage    Failure   Level
 Necrotise                Necr           0%         1d4       99%         1
 Stone Arrow              Conj/Erth      0%         3d7       100%        3
 Vampiric Draining        Necr           0%         2d6       100%        3
 Animate Armour           Summ/Erth      0%         N/A       100%        4
 Agony                    Necr           0%         N/A       100%        5
 Lehudib's Crystal Spear  Conj/Erth      0%         10d2      100%        8


Dungeon Overview and Level Annotations

Branches:
Dungeon (2/15)

Altars:


Innate Abilities, Weirdness & Mutations

You have a pair of horns on your head.
You reflexively headbutt those who attack you in melee.


Message History

You kill the adder!
Your Maces & Flails skill increases to level 3!
A gnoll comes into view. It is wielding a +0 halberd.
The gnoll shouts!
The gnoll closely misses you.
You see here an adder corpse.
You sock the gnoll! Your headbutt misses the gnoll.
The gnoll is heavily wounded.
The gnoll barely misses you.
You closely miss the gnoll. Your headbutt misses the gnoll.
The gnoll is heavily wounded.
The gnoll hits you but does no damage. The gnoll completely misses you.
You closely miss the gnoll.
The gnoll is heavily wounded.
The gnoll barely misses you.
You hit the gnoll.
The gnoll is almost dead.
The gnoll hits you with a +0 halberd! You block the gnoll's attack.
You hit the gnoll but do no damage.
You headbutt the gnoll, but do no damage.
The gnoll is almost dead.
The gnoll hits you but does no damage. The gnoll hits you with a +0 halberd.
The gnoll hits you from afar with a +0 halberd.
The gnoll hits you with a +0 halberd.
You closely miss the gnoll.
The gnoll is almost dead.
The gnoll hits you but does no damage. x2
A gnoll comes into view. It is wielding a +0 spear.
You sock the gnoll!
You kill the gnoll!
The gnoll hits you from afar with a +0 halberd!
* * * LOW HITPOINT WARNING * * *
You have reached level 4!
You feel agile.
The gnoll hits you from afar with a +0 halberd!
* * * LOW HITPOINT WARNING * * *
The gnoll hits you from afar with a +0 halberd.
* * * LOW HITPOINT WARNING * * *
The gnoll hits you from afar with a +0 halberd!
You die...

#...# #.##......#
#...# #.#######.# #
###...######.......<.
.
..........####..#.##
##
................#.. .
....#†....####.##.# #
##.#### #.##.##.# # #
##.## #.......# # .#
##.# ###@##### # #.#
##.## #...g####### #
#.###.## #..g.......#
# #.#.## #....#####.#
# #.## . #...##
#.####### ## #.# .#
##### #.....g.. ..
#.###.#### #########
#.##........#
#......#.##.##


You could see 2 gnolls.

Vanquished Creatures
  A gnoll (D:2)
  4 adders (D:2)
  A worm (D:2)
  2 ball pythons
  2 endoplasms
  2 giant cockroaches (D:2)
  6 hobgoblins
  A jackal (D:1)
  2 bats (D:1)
  2 frilled lizards
  3 kobolds
  3 rats
29 creatures vanquished.

Notes
Turn   | Place    | Note
-------+----------+-------------------------------------------
     0 | D:1      | Jwatts the Minotaur Fighter began the quest for the Orb.
     0 | D:1      | Reached XP level 1. HP: 19/19 MP: 0/0
   520 | D:1      | Reached XP level 2. HP: 27/27 MP: 1/1
  1153 | D:1      | Identified a scroll of acquirement
  1153 | D:1      | Acquired 793 gold pieces
  1426 | D:2      | Reached XP level 3. HP: 27/33 MP: 2/2
  1590 | D:2      | Reached skill level 1 in Stealth
  1769 | D:2      | Reached XP level 4. HP: 12/41 MP: 3/3
  1795 | D:2      | Slain by a gnoll

Illustrated notes

Levels and vault maps discovered:
D:1:      dpeg_arrival_signposts, layout_loops_cross, minmay_tromino_v4_c
D:2:      layout_loops_cross

Skill      XL: |  1  2  3 |
---------------+----------+-----
Fighting       | 4 |  4.5
Shields        | 4 |  4.0
Stealth        | 1 |  1.3
Maces & Flails | 3 |  3.2
Armour         | |  3.9
Dodging        | |  0.2

Action                   |  1- 3 |  4- 6 || total
-------------------------+-------+-------++-------
Melee: Flail             |    73 |       ||    73
       Headbutt          |    13 |       ||    13
  Use: Scroll            |     3 |       ||     3
       Potion            |     3 |       ||     3
Armor: Scale mail        |    26 |       ||    26
       Chain mail        |     9 |       ||     9
Dodge: Dodged            |    37 |       ||    37
Block: Buckler           |    23 |       ||    23
